 Dungeon Crawl Stone Soup version 0.31.0-12-g77e489cdc1 (webtiles) character file.

Game seed: 4997843569209997674

32 gohu the Magician (level 3, 0/25 HPs)
             Began as a Djinni Fire Elementalist on Mar 6, 2024.
             Frozen to death by an endoplasm (7 damage)
             ... on level 2 of the Dungeon.
             The game lasted 00:01:09 (996 turns).

gohu the Magician (Djinni Fire Elementalist)         Turns: 996, Time: 00:01:09

Health: 0/25       AC:  2    Str:  7    XL:     3   Next: 45%
Gold:   54         EV: 12    Int: 18    God:
                   SH:  0    Dex: 13

rFire   + + .        (no weapon)
rCold   x . .        (no shield)
rNeg    . . .        a - +0 robe
rPois   ∞            (no helmet)
rElec   .            (no cloak)
rCorr   .            (no gloves)
SInv    .            (boots unavailable)
Will    .....        (no amulet)
Stlth   ++           (no ring)
HPRegen 0.24/turn    (no ring)
MPRegen 0.00/turn

%: infuse magic (-1 HP)
@: flying
A: sickness immunity, fire resistance 2, cold vulnerability 1, float, innate
caster, HP casting, extra vitality 1
a: no special abilities


You were on level 2 of the Dungeon.
You visited 1 branch of the dungeon, and saw 2 of its levels.

You collected 54 gold pieces.

Inventory:

Armour
 a - a +0 robe (worn)
Scrolls
 b - a scroll of identify {unknown}
 c - a scroll of amnesia {unknown}
 f - a scroll of brand weapon {unknown}
 g - 2 scrolls of teleportation {unknown}
 j - a scroll of noise {unknown}
Potions
 d - 2 potions of haste {unknown}
 e - a potion of might {unknown}
 h - a potion of magic {unknown}
 i - a potion of berserk rage {unknown}


   Skills:
 - Level 2.1 Dodging
 - Level 1.5 Stealth
 + Level 3.9 Spellcasting
 + Level 3.9 Conjurations
 + Level 3.9 Hexes
 + Level 3.9 Summonings
 + Level 3.9 Necromancy
 + Level 3.9 Translocations
 + Level 3.9 Fire Magic
 + Level 3.9 Ice Magic
 + Level 3.9 Air Magic
 + Level 3.9 Earth Magic
 + Level 3.9 Alchemy


You knew the following spells:

 Your Spells              Type           Power      Damage    Failure   Level
a - Foxfire               Conj/Fire      68%        2x1d7     3%          1
b - Scorch                Fire           34%        2d6       4%          2
c - Volatile Blastmotes   Fire/Tloc      34%        2d12      9%          3
d - Inner Flame           Hex/Fire       17%        N/A       9%          3
e - Flame Wave            Conj/Fire      17%        2d7       28%         4
f - Sandblast             Erth           34%        2d9       3%          1
Your spell library was empty.

Dungeon Overview and Level Annotations

Branches:
Dungeon (2/15)

Altars:


Innate Abilities, Weirdness & Mutations

You are immune to sickness and miasma.
You are immune to poison.
Your flesh is very heat resistant. (rF++)
You are vulnerable to cold. (rC-)
You float through the air rather than walking.
You learn spells naturally, not from books.
Your magical power is your life essence.
You have superior vitality. (+4 MHP)


Message History

You conjure some foxfire!
Your foxfire dissipates!
Your foxfire dissipates!
Your foxfire dissipates!
You see here a hobgoblin corpse.
An endoplasm comes into view.
Casting: Foxfire (safe; 3% risk of failure)
Confirm with . or Enter, or press ? or * to list all spells.
You conjure some foxfire!
The foxfire hits the endoplasm.
The endoplasm is moderately wounded.
The endoplasm quivers.
Casting: Foxfire (safe; 3% risk of failure)
Confirm with . or Enter, or press ? or * to list all spells.
You conjure some foxfire!
The endoplasm freezes you.
You are frozen.
You feel a terrible chill! The endoplasm freezes you.
You are frozen.
You feel a terrible chill!
An endoplasm is nearby!
Your foxfire dissipates! x2
The endoplasm attacks as it pursues you!
The endoplasm hits you but does no damage.
Casting: Foxfire (safe; 3% risk of failure)
Confirm with . or Enter, or press ? or * to list all spells.
You conjure some foxfire!
The endoplasm freezes you.
You are frozen!
You feel a terrible chill! The endoplasm hits you.
Your foxfire dissipates!
The endoplasm attacks as it pursues you!
The endoplasm hits you.
Your foxfire dissipates!
Casting: Foxfire (safe; 3% risk of failure)
Confirm with . or Enter, or press ? or * to list all spells.
You conjure some foxfire!
* * * LOW HITPOINT WARNING * * *
The endoplasm freezes you.
You are frozen!
You feel a terrible chill!
You die...

## ## #.## #.#
#v## #.# #@J###.#
#v#.#.# #.##.#
#.####
#########.#
#...†....§#
#######.######§.#
........######..#
###.......†.....#


You could see an endoplasm (ally target).

Vanquished Creatures
  A dart slug (D:1)
  A ribbon worm (D:2)
  An endoplasm (D:1)
  2 giant cockroaches
  2 goblins (D:1)
  3 hobgoblins
  2 kobolds (D:1)
  A quokka (D:1)
  4 bats (D:1)
  2 frilled lizards (D:1)
  9 rats
28 creatures vanquished.

Vanquished Creatures (collateral kills)
  A foxfire (D:1)
1 creature vanquished.

Vanquished Creatures (others)
  109 foxfires
109 creatures vanquished.

Grand Total: 138 creatures vanquished

Notes
Turn   | Place    | Note
-------+----------+-------------------------------------------
     0 | D:1      | gohu the Djinni Fire Elementalist began the quest for the
                  | Orb.
     0 | D:1      | gohu set off with the following spells memorised: Foxfire,
                  | Scorch, Volatile Blastmotes, Inner Flame, Flame Wave.
     0 | D:1      | Reached XP level 1. HP: 15/15 MP: 0/0
   117 | D:1      | Reached XP level 2. HP: 10/21 MP: 0/0
   447 | D:1      | Reached XP level 3. HP: 23/25 MP: 0/0
   447 | D:1      | Learned a level 1 spell: Sandblast
   996 | D:2      | Frozen to death by an endoplasm

Illustrated notes

Levels and vault maps discovered:
D:1:      giann_bridges, layout_loops_cross
D:2:      cheibrodos_old_hovel, layout_loops_ring, basic_altar,
          minmay_misc_feat_five

Action                     || total
---------------------------++-------
   Cast: Foxfire           ||    73
 Armour: Robe              ||    12
  Dodge: Dodged            ||     5
